 Dungeon Crawl Stone Soup version 0.23-a0-207-g93a313e (webtiles) character file.

330 galech the Skirmisher (level 6, 0/48 HPs)
             Began as a Demonspawn Fighter on Sept 24, 2018.
             Slain by an orc wizard
             ... wielding a +0 dagger
              (3 damage)
             ... on level 3 of the Dungeon.
             The game lasted 00:03:29 (2194 turns).

galech the Skirmisher (Demonspawn Fighter)          Turns: 2194, Time: 00:03:30

Health: 0/48       AC:  5    Str: 14 (16) XL:     6   Next: 26%
Magic:  6/6        EV:  7    Int:  8 (9)  God:
Gold:   61         SH: 13    Dex: 12 (13) Spells: 5/5 levels left

rFire    . . .     SeeInvis .   a - +0 war axe
rCold    . . .     Gourm    .   c - +0 shield
rNeg     . . .     Faith    .   b - +0 scale mail
rPois    .         Spirit   .   n - +0 helmet
rElec    .         Reflect  .   (no cloak)
rCorr    .         Harm     .   (no gloves)
MR       .....                  (no boots)
Stlth    ++........             (no amulet)
HPRegen  0.16/turn              (no ring)
MPRegen  0.10/turn              (no ring)

@: no status effects
A: fangs 1, talons 1, large bone plates 1, clumsy 1, deformed body,
deterioration 1, nightstalker 2
a: no special abilities


You were on level 3 of the Dungeon.
You were not hungry.

You visited 1 branch of the dungeon, and saw 3 of its levels.

You collected 61 gold pieces.

Inventory:

Hand Weapons
 a - a +0 war axe (weapon)
Armour
 b - a +0 scale mail (worn)
 c - a +0 shield (worn)
 n - a +0 helmet (worn)
Scrolls
 e - a scroll of noise {unknown}
 h - a scroll of random uselessness {unknown}
 i - 9 scrolls of identify {unknown}
 m - a scroll of blinking {unknown}
 p - 2 scrolls of magic mapping {unknown}
 s - a scroll of amnesia {unknown}
Potions
 d - 2 potions of might
 o - a potion of ambrosia
 r - 2 potions of flight
Comestibles
 f - 6 rations
 k - 2 chunks of flesh


   Skills:
 + Level 4.1 Fighting
 + Level 4.1 Axes
 + Level 3.4 Armour
 + Level 0.6 Dodging
 + Level 0.5 Stealth
 + Level 3.7 Shields


You had 5 spell levels left.
You didn't know any spells.
Your spell library was empty.

Dungeon Overview and Level Annotations

Branches:
Dungeon (3/15)

Altars:

Annotations:
D:3 2 transporters


Innate Abilities, Weirdness & Mutations

You have sharp toenails.
You are partially covered in large bone plates. (SH +4)
You are significantly more attuned to the shadows.
You have very sharp teeth.
You are clumsy. (Dex -2)
Armour fits poorly on your strangely shaped body.
Your body sometimes deteriorates upon taking damage.


Message History

You feel less confused.
Unknown command.
You miss something.
You hit the orc priest but do no damage.
The orc priest hits you with a flail. Something hits you but does no damage.
You barely miss something. You hit the orc priest.
You block something's attack.
The orc priest calls down the wrath of Beogh upon you.
Beogh smites you!
* * * LOW HITPOINT WARNING * * *
Unknown command.
You hit the orc priest.
You claw the orc priest, but do no damage.
The orc priest is heavily wounded.
You miss something. Something hits you.
* * * LOW HITPOINT WARNING * * *
The orc priest hits you with a flail.
* * * LOW HITPOINT WARNING * * *
Something hits you.
You die...

... .... #.#.# ....
....# .....##.#.# #.
..o#.#.#
#....##†#o#.######
.......o.@.......#
.....##.###.#.##.#
..h.. #.# #.#.##.#
.....##.###.#.##.#
.....)))....#)##.#
.....##)#####.##.####
..... #.# #.......#
##.## #.# ###..##.##
#. #.# #..#...####


You could see an orc priest and an orc.

Vanquished Creatures
  3 orc priests (D:3)
  An orc wizard (D:3)
  Jessica (D:2)
  Natasha (twice) (D:3)
  Robin (D:3)
  4 adders
  An ooze (D:1)
  2 worms (D:2)
  A dart slug (D:2)
  A leopard gecko (D:2)
  6 orcs (D:3)
  A giant cockroach (D:2)
  16 goblins
  14 hobgoblins
  7 jackals
  5 kobolds
  A quokka (D:3)
  2 bats (D:2)
  3 frilled lizards
  2 rats
74 creatures vanquished.

Notes
Turn   | Place    | Note
-------+----------+-------------------------------------------
     0 | D:1      | galech the Demonspawn Fighter began the quest for the Orb.
     0 | D:1      | Reached XP level 1. HP: 18/18 MP: 1/1
   259 | D:1      | Gained mutation: You have sharp toenails. [demonic
                  | ancestry]
   259 | D:1      | Reached XP level 2. HP: 24/24 MP: 2/2
   626 | D:2      | Noticed Jessica
   634 | D:2      | Killed Jessica
   634 | D:2      | Gained mutation: You are partially covered in large bone
                  | plates. (SH +4) [demonic ancestry]
   634 | D:2      | Reached XP level 3. HP: 18/29 MP: 3/3
   835 | D:2      | Gained mutation: You are slightly more attuned to the
                  | shadows. [demonic ancestry]
   835 | D:2      | Reached XP level 4. HP: 25/35 MP: 4/4
  1302 | D:3      | Found a transporter.
  1620 | D:3      | Gained mutation: You are significantly more attuned to the
                  | shadows. [demonic ancestry]
  1620 | D:3      | Reached XP level 5. HP: 23/41 MP: 5/5
  1812 | D:3      | Found a transporter.
  1849 | D:3      | Noticed Natasha
  1850 | D:3      | Noticed Robin
  1853 | D:3      | Killed Natasha
  1870 | D:3      | Reached XP level 6. HP: 17/48 MP: 6/6
  1876 | D:3      | Gained mutation: Your body sometimes deteriorates upon
                  | taking damage. [potion of mutation]
  1876 | D:3      | Gained mutation: Armour fits poorly on your strangely
                  | shaped body. [potion of mutation]
  1876 | D:3      | Gained mutation: You are clumsy. (Dex -2) [potion of
                  | mutation]
  1876 | D:3      | Gained mutation: You have very sharp teeth. [potion of
                  | mutation]
  1884 | D:3      | Killed Robin
  1972 | D:3      | Noticed Natasha
  2096 | D:3      | Killed Natasha
  2194 | D:3      | Slain by an orc wizard

Vault maps used:
D:1:      tarquinn_simple_flora_water_f
D:2:      minmay_misc_feat_four_crosses, corexii_item_surrounded_by_moat,
          minmay_misc_feat_secret_circle, uniq_jessica
D:3:      gammafunk_steamed_eel, uniq_robin, uniq_natasha, uniq_ijyb

Skill      XL: |  1  2  3  4  5 |
---------------+----------------+-----
Axes           | 2 3 4 |  4.1
Armour         | 3 |  3.4
Shields        | 3 |  3.7
Fighting       | 4 |  4.1
Dodging        | |  0.6
Stealth        | |  0.5

Action                   |  1- 3 |  4- 6 || total
-------------------------+-------+-------++-------
Melee: War axe           |    57 |   107 ||   164
       Kick              |     9 |    31 ||    40
       Bite              |       |     1 ||     1
  Use: Potion            |       |     6 ||     6
 Stab: Sleeping          |       |     1 ||     1
  Eat: Chunk             |       |     4 ||     4
Armor: Scale mail        |    22 |    42 ||    64
       Skin              |       |     4 ||     4
Dodge: Dodged            |    13 |    31 ||    44
Block: Shield            |    20 |    80 ||   100

Table legend:
 A = Non-vault XP
 B = Vault XP
 C = Vault XP percentage of total XP
 D = Non-vault monster count
 E = Vault monster count
 F = Vault count percentage of total count
                 A         B        C        D         E       F
            +---------+---------+-------+---------+---------+-------
      Total |     367 |     105 |  22.2 |      61 |      13 |  17.6
            +---------+---------+-------+---------+---------+-------
        D:1 |      26 |       0 |   0.0 |      13 |       0 |   0.0
        D:2 |      81 |      37 |  31.4 |      27 |       1 |   3.6
        D:3 |     260 |      68 |  20.7 |      21 |      12 |  36.4
            +---------+---------+-------+---------+---------+-------
